 Dungeon Crawl Stone Soup version 0.30-a0-50-gb2d611f6b1 (webtiles) character file.

Game seed: 9689398926578118684

65 LnG the Trooper (level 4, 0/40 HPs)
             Began as a Hill Orc Fighter on Sept 5, 2022.
             Killed by divine providence
             ... invoked by an orc priest
              (16 damage)
             ... on level 2 of the Dungeon.
             The game lasted 00:02:53 (1403 turns).

LnG the Trooper (Hill Orc Fighter)                  Turns: 1403, Time: 00:02:54

Health: 0/40       AC:  8    Str: 20    XL:     4   Next: 14%
Magic:  4/4        EV:  9    Int:  8    God:
Gold:   84         SH:  4    Dex: 10    Spells: 3/3 levels left

rFire   . . .      SeeInvis .    a - +0 war axe
rCold   . . .      Faith    .    c - +0 buckler
rNeg    . . .      Spirit   .    b - +0 scale mail
rPois   .          Reflect  .    j - +0 helmet
rElec   .          Harm     .    (no cloak)
rCorr   +          Rampage  .    (no gloves)
Will    .....                    (no boots)
Stlth   ..........               (no amulet)
HPRegen 0.13/turn                f - ring of flight
MPRegen 0.09/turn                p - ring of resist corrosion

@: mighty, flying
A: no striking features
a: Convert to Beogh


You were on level 2 of the Dungeon.
You visited 1 branch of the dungeon, and saw 2 of its levels.

You collected 84 gold pieces.

Inventory:

Hand Weapons
 a - a +0 war axe (weapon)
Armour
 b - a +0 scale mail (worn)
 c - a +0 buckler (worn)
 j - a +0 helmet (worn)
Jewellery
 f - a ring of flight (left hand)
 p - a ring of resist corrosion (right hand)
Scrolls
 g - 2 scrolls of vulnerability {unknown}
 i - a scroll of identify {unknown}
 k - 2 scrolls of teleportation {unknown}
 l - a scroll of magic mapping {unknown}
 n - a scroll of poison {unknown}
Potions
 d - a potion of might
 e - a potion of attraction {unknown}
 h - a potion of curing {unknown}
 m - 2 potions of invisibility {unknown}
 o - a potion of lignification {unknown}
 q - a potion of degeneration {unknown}
 r - a potion of flight {unknown}


   Skills:
 + Level 4.1 Fighting
 + Level 4.1 Axes
 + Level 3.8 Armour
 + Level 0.1 Dodging
 + Level 3.8 Shields


You had 3 spell levels left.
You didn't know any spells.
Your spell library contained the following spells:

 Spells                   Type           Power      Damage    Failure   Level
 Frozen Ramparts          Ice            0%         1d1       99%         3
 Ice Form                 Ice/Tmut       0%         N/A       100%        4
 Summon Ice Beast         Ice/Summ       0%         N/A       100%        4


Dungeon Overview and Level Annotations

Branches:
Dungeon (2/15)

Altars:


Message History

The slug dart misses you. The dart slug closely misses you.
You hit the dart slug but do no damage. The dart slug bites you.
You slash the dart slug!
You kill the dart slug!
No target in view!
No target in view!
No target in view!
You see here a rat skeleton.
There is a stone staircase leading up here.
Things that are here:
a rat skeleton; a hobgoblin skeleton You see here a dart slug corpse.
There is a large open door here.
There is a large open door here.
There is a stone staircase leading down here.
You see here a +2 dagger of protection.
An orc and an orc priest come into view.
The orc shouts!
The orc priest shouts, "Beogh is our master!
Accept the truth or die!" (press Y on the ability menu to convert to Beogh)
The orc priest shouts!
You hear a shout!
The orc priest threatens, "By the altar or by the axe, you will meet Beogh!"
An orc priest comes into view. It is wielding a +0 club.
The orc priest threatens, "By the altar or by the axe, you will meet Beogh!"
You slash the orc!
You kill the orc!
You hit the orc priest but do no damage.
The orc priest shouts, "Join the one true god or die!"
The orc priest shouts, "Surrender to Beogh and we'll let you live!"
The orc priest hits you but does no damage.
The orc priest mumbles some strange prayers to Beogh against you.
Pain shoots through your body!
An orc comes into view. It is wielding a +0 whip.
The orc priest invokes the aid of Beogh against you.
Beogh smites you!
You feel very mighty all of a sudden.
The orc priest invokes the aid of Beogh against you.
Beogh smites you!
You die...

..# #.....# ..#
####### ..# #######
#.# #####.....# #>#
#...#.###.# #.#
#.....# #.# #.#
#...### #.#
#########...#####.#
.......)....##oo@.#
##############o####
#


You could see 2 orc priests and an orc.

Vanquished Creatures
  An adder (D:2)
  5 dart slugs
  An orc (D:2)
  3 endoplasms
  3 giant cockroaches (D:1)
  2 goblins
  7 hobgoblins
  4 jackals (D:1)
  3 kobolds
  3 ball pythons
  3 bats (D:1)
  3 frilled lizards
  6 rats
44 creatures vanquished.

Vanquished Creatures (others)
  A plant (D:1)
1 creature vanquished.

Grand Total: 45 creatures vanquished

Notes
Turn   | Place    | Note
-------+----------+-------------------------------------------
     0 | D:1      | LnG the Hill Orc Fighter began the quest for the Orb.
     0 | D:1      | Reached XP level 1. HP: 19/19 MP: 1/1
   231 | D:1      | Reached XP level 2. HP: 27/27 MP: 2/2
   539 | D:1      | Reached XP level 3. HP: 33/33 MP: 3/3
   703 | D:1      | Found a faded altar of an unknown god.
  1068 | D:2      | Reached XP level 4. HP: 40/40 MP: 4/4
  1403 | D:2      | Killed from afar by an orc priest

Illustrated notes

Levels and vault maps discovered:
D:1:      psy_arrival_spokes, layout_loops_ring,
          shapermc_ecumenical_altar_acropolis, minmay_pentomino_z4
D:2:      layout_basic, kennysheep_generic_room_5

Skill      XL: |  1  2  3 |
---------------+----------+-----
Fighting       | 4 |  4.1
Axes           | 3 4 |  4.1
Armour         | |  3.8
Dodging        | |  0.1
Shields        | |  3.8

Action                   |  1- 3 |  4- 6 || total
-------------------------+-------+-------++-------
Melee: War axe           |    85 |     9 ||    94
  Use: Potion            |       |     1 ||     1
Armor: Scale mail        |    63 |     2 ||    65
Dodge: Dodged            |    41 |     5 ||    46
Block: Buckler           |    22 |       ||    22

Table legend: (Time is in decaauts)
 A = Elapsed time spent in this place.
 B = Non-inter-level travel time spent in this place.
 C = Inter-level travel time spent in this place.
 D = Time resting spent in this place.
 E = Time spent auto-exploring this place.
 F = Levels seen in this place.
 G = Mean time per level.
                   A        B        C        D        E       F      G
               +--------+--------+--------+--------+--------+-----+--------+
         Total |   1436 |   1384 |     52 |     55 |   1062 |   2 |  718.0 |
       Dungeon |   1436 |   1384 |     52 |     55 |   1062 |   2 |  718.0 |
               +--------+--------+--------+--------+--------+-----+--------+

Top non-repeatable levels by time:
     D:1: 915 daAuts
     D:2: 521 daAuts
